 Dungeon Sprint DCSS version 0.23-a0-516-g0f8c245 (webtiles) character file.

434 JosiahThimblerig the Cleaver (level 7, -10/69 HPs)
             Began as a Hill Orc Fighter on Dec 5, 2018.
             Was an Initiate of Vehumet.
             Asphyxiated
             ... in the Dungeon (Sprint I: "Red Sonja").
             The game lasted 00:05:28 (698 turns).

JosiahThimblerig the Cleaver (Hill Orc Fighter)      Turns: 698, Time: 00:05:30

Health: -10/69     AC:  8    Str: 19    XL:     7   Next: 0%
Magic:  7/7        EV:  8    Int:  9    God:    Vehumet [......]
Gold:   45         SH: 11    Dex: 11    Spells: 6/6 levels left

rFire    . . .     SeeInvis .   a - +0 war axe
rCold    . . .     Gourm    .   c - +0 shield
rNeg     . . .     Faith    .   b - +0 scale mail
rPois    .         Spirit   .   (no helmet)
rElec    .         Reflect  .   (no cloak)
rCorr    .         Harm     .   (no gloves)
MR       .....     NoTele   +   (no boots)
Stlth    ..........             (no amulet)
HPRegen  0.21/turn              (no ring)
MPRegen  0.10/turn              (no ring)

@: lethally poisoned (-10 -> -120), hasted and slowed
A: no striking features
a: Renounce Religion


You were in the Dungeon.
You worshipped Vehumet.
Vehumet was noncommittal.
You were not hungry.

You visited 1 branch You collected 297 gold pieces.
You spent 252 gold pieces at shops.

Inventory:

Hand Weapons
 a - a +0 war axe (weapon)
 n - a +0 giant spiked club
 p - a +0 scythe
 s - a +0 club
Armour
 b - a +0 scale mail (worn)
 c - a +0 shield (worn)
 m - a +0 ring mail
 q - a +0 robe
Wands
 g - a wand of iceblast (10)
 o - a wand of random effects (10)
Scrolls
 k - a scroll of blinking
 r - a scroll of amnesia {unknown}
Potions
 d - a potion of might
 i - 2 potions of magic
 j - a potion of berserk rage
 l - a potion of brilliance {unknown}
Comestibles
 f - a ration


   Skills:
 + Level 8.9 Fighting
 + Level 9.6 Axes
 + Level 9.0 Armour
 + Level 0.8 Dodging
 + Level 8.5 Shields


You had 6 spell levels left.
You didn't know any spells.
Your spell library was empty.

Dungeon Overview and Level Annotations

Branches:
Dungeon (1/1)

Altars:
Cheibriados
Dithmenos
Elyvilon
Fedhas
Gozag
Hepliaklqana
Kikubaaqudgha
Nemelex Xobeh
Okawaru
Qazlal
Ru
Sif Muna
Trog
Uskayaw
Vehumet
Wu Jian
Yredelemnul
Zin
The Shining One

Shops:
D }

Annotations:
D Sonja


Message History

You are more poisoned.
Sonja barely misses you.
You closely miss Sonja.
Sonja is heavily wounded.
* * * LOW HITPOINT WARNING * * *
You feel extremely sick. Sonja closely misses you. Sonja barely misses you.
Sonja hits you but does no damage.
You are more poisoned.
Sonja mumbles some strange words.
Sonja blinks!
You feel yourself speed up.
* * * LOW HITPOINT WARNING * * *
You feel extremely sick.
Sonja unwields a +2 short sword of venom.
It stops dripping with poison.
Sonja wields a +0 blowgun.
Sonja shoots a curare-tipped needle.
The curare-tipped needle hits you.
You are more poisoned.
You have difficulty breathing.
You die...

################
#<.#..'..#..'..#
#..'..#..'÷.#..+
#..#####'#####'#
#..####..#...#.#
#..#__####..##.#
#..#_____##'#_.+
#⌠⌠#_.∩..K'..._#
####_..__##§@#+#
#_____###'#
####### #.# $.$
$.$ ##.## #+#


You could see Sonja.

Vanquished Creatures
  Sigmund (D)
  A yak (D)
  An ogre (D)
  A jelly (D)
  Ijyb (D)
5 creatures vanquished.

Notes
Turn   | Place    | Note
-------+----------+-------------------------------------------
     0 | D        | JosiahThimblerig the Hill Orc Fighter began the quest for
                  | the Orb.
     0 | D        | Reached XP level 1. HP: 19/19 MP: 1/1
     5 | D        | Noticed Ijyb
    23 | D        | Killed Ijyb
    23 | D        | Reached skill level 5 in Fighting
    23 | D        | Reached XP level 2. HP: 19/29 MP: 2/2
    23 | D        | Reached XP level 3. HP: 24/36 MP: 3/3
    29 | D        | Noticed an ogre
    33 | D        | Killed an ogre
    33 | D        | Reached skill level 5 in Axes
    33 | D        | Reached XP level 4. HP: 5/45 MP: 4/4
   303 | D        | Noticed Sigmund
   314 | D        | Killed Sigmund
   314 | D        | Reached XP level 5. HP: 51/53 MP: 5/5
   314 | D        | Reached XP level 6. HP: 58/61 MP: 6/6
   332 | D        | Found a deep blue altar of Sif Muna.
   333 | D        | Found an ornate altar of the Wu Jian Council.
   334 | D        | Found a radiant altar of Vehumet.
   388 | D        | Became a worshipper of Vehumet
   404 | D        | Found Vima's Gadget Emporium.
   404 | D        | Found an ancient bone altar of Kikubaaqudgha.
   404 | D        | Found a hazy altar of Hepliaklqana.
   404 | D        | Found a hide-covered altar of Uskayaw.
   404 | D        | Found a basalt altar of Yredelemnul.
   404 | D        | Found an opulent altar of Gozag.
   404 | D        | Found a snail-covered altar of Cheibriados.
   404 | D        | Found a sacrificial altar of Ru.
   404 | D        | Found a shadowy altar of Dithmenos.
   404 | D        | Noticed a yak
   424 | D        | Killed a yak
   424 | D        | Reached XP level 7. HP: 15/69 MP: 7/7
   678 | D        | Found a stormy altar of Qazlal.
   678 | D        | Found a blossoming altar of Fedhas.
   678 | D        | Found a bloodstained altar of Trog.
   678 | D        | Found an iron altar of Okawaru.
   678 | D        | Found a glowing golden altar of the Shining One.
   678 | D        | Found a glowing silver altar of Zin.
   678 | D        | Found a white marble altar of Elyvilon.
   679 | D        | Found a sparkling altar of Nemelex Xobeh.
   683 | D        | Bought a wand of iceblast (11) for 180 gold pieces
   683 | D        | Bought a wand of random effects (10) for 72 gold pieces
   690 | D        | Noticed Sonja
   698 | D        | HP: 2/69 [poisoned by Sonja]
   698 | D        | Asphyxiated

Vault maps used:
D:        dungeon_sprint_1

Skill      XL: |  1  2  3  4  5  6 |
---------------+-------------------+-----
Fighting       | 5 6 8 |  8.9
Axes           | 4 5 7 9 |  9.6
Armour         | 4 6 8 9 |  9.0
Shields        | 4 6 7 8 |  8.5
Dodging        | |  0.8

Action                   |  1- 3 |  4- 6 |  7- 9 || total
-------------------------+-------+-------+-------++-------
Melee: War axe           |    22 |    32 |     5 ||    59
Evoke: Wand              |       |       |     1 ||     1
  Use: Potion            |       |     1 |     2 ||     3
Armor: Scale mail        |     6 |     3 |    14 ||    23
Dodge: Dodged            |     4 |     5 |     5 ||    14
Block: Shield            |    10 |    12 |     5 ||    27

Table legend:
 A = Non-vault XP
 B = Vault XP
 C = Vault XP percentage of total XP
 D = Non-vault monster count
 E = Vault monster count
 F = Vault count percentage of total count
                 A         B        C        D         E       F
            +---------+---------+-------+---------+---------+-------
      Total |       0 |     621 | 100.0 |       0 |       5 | 100.0
            +---------+---------+-------+---------+---------+-------
          D |       0 |     621 | 100.0 |       0 |       5 | 100.0
            +---------+---------+-------+---------+---------+-------
